 Dungeon Crawl Stone Soup version 0.31-a0-360-gb3e1d13bf4 (webtiles) character file.

Game seed: 4864543710774770500

44 testman the Ruffian (level 3, -1/28 HPs)
             Began as a Djinni Shapeshifter on July 26, 2023.
             Was a Believer of Jiyva.
             Killed by divine providence
             ... invoked by an orc priest
              (11 damage)
             ... on level 3 of the Dungeon.
             The game lasted 00:04:25 (1948 turns).

testman the Ruffian (Djinni Shapeshifter)           Turns: 1948, Time: 00:04:25

Health: -1/28      AC:  2    Str: 20    XL:     3   Next: 87%
Gold:   113        EV: 12    Int: 11    God:    Jiyva [**....] SH:  0 Dex: 13

rFire   + + .        j - +0 short sword (venom)
rCold   x . .        (no shield)
rNeg    . . .        a - +0 animal skin
rPois   ∞            (helmet currently unavailable)
rElec   .            (cloak currently unavailable)
rCorr   +            (gloves currently unavailable)
SInv    .            (boots unavailable)
Will    .....        (no amulet)
Stlth   +            f - +6 ring of strength
HPRegen 1.20/turn    (no ring)
MPRegen 0.00/turn

%: infuse magic (-2 HP)
@: beast-form, flying
A: beast (slay +2), flying, sickness immunity, fire resistance 2, cold
vulnerability 1, float, innate caster, HP casting, extra vitality 1
a: Begin Untransformation, Renounce Religion


You were on level 3 of the Dungeon.
You worshipped Jiyva.
Jiyva was pleased with you.
You were a hulking beast.
You visited 1 branch of the dungeon, and saw 3 of its levels.

You collected 113 gold pieces.

Inventory:

Hand Weapons
 j - a +0 short sword of venom (weapon)
Missiles
 d - 6 javelins
 e - 4 poisoned darts
 g - a throwing net
Armour
 a - a +0 animal skin (worn)
Jewellery
 f - a +6 ring of strength (left hand)
Talismans
 c - a beast talisman
Scrolls
 k - a scroll of enchant weapon {unknown}
 l - a scroll of teleportation {unknown}
 m - 2 scrolls of identify {unknown}
Potions
 b - a potion of lignification
 h - a potion of haste {unknown}
 i - a potion of attraction {unknown}
 n - a potion of curing {unknown}


   Skills:
 + Level 2.1 Fighting
 - Level 2.5 Dodging
 - Level 3.0 Unarmed Combat
 + Level 1.2 Spellcasting
 + Level 1.2 Conjurations
 + Level 1.2 Hexes
   Level 0.0 Charms
 + Level 1.2 Summonings
 + Level 1.2 Necromancy
 + Level 1.2 Translocations
 + Level 1.2 Transmutations
 + Level 1.2 Fire Magic
 + Level 1.2 Ice Magic
 + Level 1.2 Air Magic
 + Level 1.2 Earth Magic
 + Level 1.2 Poison Magic
 - Level 2.8 Shapeshifting


You knew the following spells:

 Your Spells              Type           Power      Damage    Failure   Level
a - Freeze                Ice            12%        1d3       19%         1
Your spell library was empty.

Dungeon Overview and Level Annotations

Branches:
Dungeon (3/15)

Altars:
Fedhas
Jiyva

Shops:
D:3 ([

Annotations:
D:3 Grinder


Innate Abilities, Weirdness & Mutations

You are a hulking beast.
Your limbs bulge with bestial killing power. (Slay +2)
You are flying.
You are immune to sickness and miasma.
You are immune to poison.
Your flesh is very heat resistant. (rF++)
You are vulnerable to cold. (rC-)
You float through the air rather than walking.
You learn spells naturally, not from books.
Your magical power is your life essence.
You have superior vitality. (+4 MHP)


Message History

There is an entrance to Pogofeul's Antique Weapon Emporium here.
There is an entrance to Kimonel's Armour Shoppe here.
There is an entrance to Kimonel's Armour Shoppe here.
You hear a distant slurping noise.
You reach down and open the door.
There is an open door here.
You reach down and open the door.
There is an open door here.
A rat comes into view.
A rat is nearby!
The rat misses you.
You hit the rat.
You kill the rat!
No target in view!
Jiyva gurgles merrily.
n - a puce potion You hear a distant slurping noise.
You hear a distant slurping noise.
An orc comes into view. It is wielding a +0 hand axe.
The orc shouts!
You hear a shout!
An orc comes into view. It is wielding a +0 trident.
The orc shouts!
An orc priest comes into view. It is wielding a +0 mace.
The orc priest shouts!
An orc comes into view. It is wielding a +0 short sword.
The orc shouts!
The orc misses you.
You completely miss the orc. You barely miss the orc priest.
The orc barely misses you. The orc priest hits you with a +0 mace.
You closely miss the orc priest. The orc hits you with a +0 trident!
The orc priest closely misses you.
You closely miss the orc priest. The orc closely misses you.
The orc priest hits you with a +0 mace!
You are too injured to fight recklessly!
You are too injured to fight recklessly!
The orc hits you with a +0 trident.
The orc priest mumbles some strange prayers to Beogh against you.
Beogh smites you!
You die...

#.....# #.....# #.J...#
#.....# ### #. #.....#
#.. ... #.<...# ##.# ..
#.....# #..#####.#
#.....# ##..##oooo#
#.....# #....h.# #
#.....###...#### ##
####.......##
.####.#...##..#
........#.....#
#.#...#.##.J#.## .#
...............#######.#
........##..#..........#
.####.........#######.[


You could see an orc priest and 3 orcs.

Vanquished Creatures
  2 adders (D:2)
  A worm (D:2)
  3 ball pythons (D:1)
  An endoplasm (D:1)
  A giant cockroach (D:3)
  A goblin (D:2)
  5 hobgoblins
  A kobold (D:2)
  A quokka (D:1)
  3 bats
  4 rats
23 creatures vanquished.

Vanquished Creatures (others)
  A jelly (D:3)
  An endoplasm (D:3)
  2 bats (D:3)
4 creatures vanquished.

Grand Total: 27 creatures vanquished

Notes
Turn   | Place    | Note
-------+----------+-------------------------------------------
     0 | D:1      | testman the Djinni Shapeshifter began the quest for the
                  | Orb.
     0 | D:1      | Reached XP level 1. HP: 17/17 MP: 0/0
   217 | D:1      | Reached XP level 2. HP: 18/22 MP: 0/0
   988 | D:2      | Reached XP level 3. HP: 27/27 MP: 0/0
   988 | D:2      | Learned a level 1 spell: Freeze
  1113 | D:2      | Reached skill level 1 in Spellcasting
  1113 | D:2      | Reached skill level 1 in Conjurations
  1113 | D:2      | Reached skill level 1 in Hexes
  1113 | D:2      | Reached skill level 1 in Summonings
  1113 | D:2      | Reached skill level 1 in Necromancy
  1113 | D:2      | Reached skill level 1 in Translocations
  1113 | D:2      | Reached skill level 1 in Transmutations
  1113 | D:2      | Reached skill level 1 in Fire Magic
  1113 | D:2      | Reached skill level 1 in Ice Magic
  1113 | D:2      | Reached skill level 1 in Air Magic
  1113 | D:2      | Reached skill level 1 in Earth Magic
  1113 | D:2      | Reached skill level 1 in Poison Magic
  1138 | D:2      | Found a faded altar of an unknown god.
  1312 | D:2      | Prayed at the altar of an unknown god.
  1312 | D:2      | Became a worshipper of Jiyva Jiaraove the Shapeless
  1312 | D:2      | Reached * piety under Jiyva
  1734 | D:3      | Noticed Grinder
  1823 | D:3      | Reached ** piety under Jiyva
  1855 | D:3      | Found Pogofeul's Antique Weapon Emporium.
  1855 | D:3      | Found Kimonel's Armour Shoppe.
  1861 | D:3      | Found a blossoming altar of Fedhas.
  1948 | D:3      | Killed from afar by an orc priest

Illustrated notes

Levels and vault maps discovered:
D:1:      dpeg_arrival_rooms_with_view, layout_basic, nicolae_figureground_pulse
D:2:      layout_basic, nicolae_ecumenical_oubliette, kennysheep_nondescript,
          minmay_misc_feat_rows
D:3:      layout_rooms, fedhas_altar_1, serial_shops, shop, shop, shop, shop,
          shop, minmay_quadrilaterals, uniq_grinder

Skill      XL: |  1  2  3 |
---------------+----------+-----
Spellcasting   | 1 |  1.2
Conjurations   | 1 |  1.2
Hexes          | 1 |  1.2
Summonings     | 1 |  1.2
Necromancy     | 1 |  1.2
Translocations | 1 |  1.2
Transmutations | 1 |  1.2
Fire Magic     | 1 |  1.2
Ice Magic      | 1 |  1.2
Air Magic      | 1 |  1.2
Earth Magic    | 1 |  1.2
Poison Magic   | 1 |  1.2
Fighting       | 2 |  2.1
Dodging        | |  2.5
Unarmed Combat | |  3.0
Shapeshifting  | |  2.8

Action                     || total
---------------------------++-------
  Melee: Unarmed           ||    21
         Punch             ||     5
         Short sword       ||    49
   Stab: Sleeping          ||     1
 Armour: Animal skin       ||    16
  Dodge: Dodged            ||    38

Table legend: (Time is in decaauts)
 A = Elapsed time spent in this place.
 B = Non-inter-level travel time spent in this place.
 C = Inter-level travel time spent in this place.
 D = Time resting spent in this place.
 E = Time spent auto-exploring this place.
 F = Levels seen in this place.
 G = Mean time per level.
                   A        B        C        D        E       F      G
               +--------+--------+--------+--------+--------+-----+--------+
         Total |   1947 |   1623 |    324 |      0 |   1398 |   3 |  649.0 |
       Dungeon |   1947 |   1623 |    324 |      0 |   1398 |   3 |  649.0 |
               +--------+--------+--------+--------+--------+-----+--------+

Top non-repeatable levels by time:
     D:1: 1040 daAuts
     D:2: 743 daAuts
     D:3: 164 daAuts
